 Dungeon Crawl Stone Soup version 0.23.0-3-gf3c87f2 (webtiles) character file.

Game seed: 7594695587069327247

23688 ZippyMcGee the Nimble (level 12, -6/172 HPs)
             Began as a Minotaur Berserker on Feb 16, 2019.
             Was a High Priest of Trog.
             Mangled by a tyrant leech (13 damage)
             ... on level 1 of the Lair of Beasts on Feb 22, 2019.
             The game lasted 00:53:46 (15954 turns).

ZippyMcGee the Nimble (Minotaur Berserker)         Turns: 15954, Time: 00:53:46

Health: -6/172     AC: 25    Str: 33    XL:     12   Next: 74%
Magic:  11/11      EV: 16    Int:  4    God:    Trog [*****.]
Gold:   245        SH:  0    Dex: 14    Spells: 11/11 levels left

rFire    + . .     SeeInvis .   M - +7 short sword of Courage {pierce, +Fly Str+5}
rCold    . . .     Gourm    .   (no shield)
rNeg     . . .     Faith    .   H - +6 plate armour {rF+}
rPois    .         Spirit   .   (helmet restricted)
rElec    .         Reflect  .   (no cloak)
rCorr    .         Harm     .   (no gloves)
MR       .....                  (no boots)
Stlth    ..........             (no amulet)
HPRegen  0.38/turn              n - +5 ring of protection
MPRegen  0.12/turn              (no ring)

@: berserking, studying Axes, very quick
A: retaliatory headbutt, horns 2
a: Berserk, Trog's Hand, Brothers in Arms, Renounce Religion, Evoke Flight


You were on level 1 of the Lair of Beasts.
You worshipped Trog.
Trog was extremely pleased with you.
You were very hungry.

You visited 2 branches of the dungeon, and saw 13 of its levels.

You collected 1014 gold pieces.
You spent 769 gold pieces at shops.

Inventory:

Hand Weapons
 p - a +0 whip of electrocution
 u - a +0 blowgun
 M - the +7 short sword of Courage (weapon) {pierce, +Fly Str+5}
   (You found it on level 9 of the Dungeon)

   It inflicts extra damage upon your enemies.
   It affects your strength (+5).
   It lets you fly.
 Q - a +2 flail of crushing
Missiles
 v - 74 poisoned needles
 I - 6 needles of sleeping
 J - 4 throwing nets
 K - 4 curare-tipped needles
 O - 5 javelins of penetration
 P - 4 tomahawks (quivered)
Armour
 r - a +4 chain mail of cold resistance
 y - the +2 ring mail of Hairiness {rElec rPois Dex+2}
   (You found it on level 4 of the Dungeon)

   It affects your dexterity (+2).
   It insulates you from electricity.
   It protects you from poison.
 H - a +6 plate armour of fire resistance (worn)
Jewellery
 n - a +5 ring of protection (left hand)
Wands
 g - a wand of paralysis (26)
 l - a wand of flame (9)
 q - a wand of acid (15)
 D - a wand of iceblast (5)
 G - a wand of enslavement (14)
 L - a wand of disintegration (18)
 R - a wand of random effects (18)
Scrolls
 b - 5 scrolls of blinking {unknown}
 e - 7 scrolls of remove curse
 h - a scroll of fog {unknown}
 m - 3 scrolls of fear {unknown}
 o - 3 scrolls of immolation {unknown}
 w - 2 scrolls of amnesia {unknown}
 A - 3 scrolls of identify {unknown}
 B - 3 scrolls of enchant weapon {unknown}
 C - 2 scrolls of teleportation
 N - 2 scrolls of holy word {unknown}
Potions
 d - 3 potions of cancellation {unknown}
 f - a potion of might {unknown}
 i - 3 potions of mutation
 j - 3 potions of curing
 k - 4 potions of flight {unknown}
 t - 2 potions of berserk rage {unknown}
 x - 3 potions of lignification {unknown}
 z - 4 potions of agility {unknown}
 E - a potion of ambrosia {unknown}
 F - a potion of haste
 S - 2 potions of heal wounds
Books
 a - a manual of Axes
Comestibles
 c - 32 rations


   Skills:
 - Level 13.4 Fighting
 - Level 4.1 Short Blades
 * Level 12.2 Maces & Flails
 - Level 10.1 Armour
 - Level 13.7 Dodging


You had 11 spell levels left.
You didn't know any spells.
Your spell library contained the following spells:

 Spells                   Type           Power        Failure   Level  Hunger
 Beastly Appendage        Tmut           #.....       98%         1    ##.....
 Shock                    Conj/Air       #...         98%         1    ##.....
 Sticks to Snakes         Tmut           #.......     99%         2    ###....
 Swiftness                Chrm/Air       #.......     99%         2    ###....
 Spider Form              Tmut/Pois      #.........   100%        3    ####...
 Static Discharge         Conj/Air       #.......     100%        3    ####...
 Airstrike                Air            #.........   100%        4    #####..
 Ice Form                 Ice/Tmut       #.......     100%        4    #####..
 Blade Hands              Tmut           #.........   100%        5    ######.
 Lightning Bolt           Conj/Air       #.........   100%        5    ######.


Dungeon Overview and Level Annotations

Branches:
Dungeon (11/15)            Temple (0/1) D:4            Lair (2/6) D:10
    Orc (0/2) D:11
  Swamp: Lair:2-4    Shoals: Lair:2-4     Snake: Lair:2-4    Spider: Lair:2-4

Altars:
Dithmenos
Fedhas
Hepliaklqana
Makhleb
Okawaru
Qazlal
Vehumet
Wu Jian
Xom
Yredelemnul

Shops:
D:6 *!}[!


Innate Abilities, Weirdness & Mutations

You reflexively headbutt those who attack you in melee.
You have a pair of horns on your head.


Message History

A red film seems to cover your vision as you go berserk!
You feel yourself moving faster!
You feel mighty!
You are feeling very hungry.
The tyrant leech bites you!
* * * LOW HITPOINT WARNING * * *
The tyrant leech draws strength from your injuries!
The tyrant leech bites you but does no damage.
You closely miss the tyrant leech.
The tyrant leech is heavily wounded.
The tyrant leech bites you!!
* * * LOW HITPOINT WARNING * * *
The tyrant leech draws strength from your injuries!
The tyrant leech closely misses you.
The tyrant leech bites you but does no damage.
You closely miss the tyrant leech.
The tyrant leech is moderately wounded.
You miss the tyrant leech. You headbutt the tyrant leech!
The tyrant leech is heavily wounded.
The tyrant leech bites you!
You die...

..##..#####...#....#..≈≈≈≈≈.#...#
..##..#.##..........#.≈≈≈≈.#...##
.###....##............≈≈≈≈≈.....#
## ##.#...............≈≈≈≈≈.....#
####......##..##.#.....≈≈≈≈####..
..........#..###.#.#..#≈≈≈≈≈###..
#>.......#######..#.#..≈≈≈≈≈##..#
.#...###.## #P.w......≈≈≈≈≈#...
##..## #..## ##w@#......≈≈≈≈≈#.##
#...# ##..###.w#####....≈≈≈≈≈###
....# ##...#...####..##≈≈≈≈≈##.
.####### ##...........####≈≈≈≈#..
.###...###.#.....###### ##≈≈≈...
###..###........## ##≈≈..# #...##
##...#...## ####.. .#..##
#...##...## ##. .....#
##.P######.## ##


You could see 3 tyrant leeches.

Vanquished Creatures
  The ghost of DocClef the Blocker, a journeyman GnFi of Okawaru (D:11)
  Harold (D:8)
  A hydra (D:11)
  Erica (Lair:1)
  4 two-headed ogres
  An unseen horror (D:10)
  An ugly thing (D:11)
  A cyclops (D:11)
  2 centaur zombies
  4 spiny frogs
  A komodo dragon (Lair:1)
  A kobold demonologist (D:11)
  4 polar bears (D:10)
  8 hippogriffs
  3 tyrant leeches (Lair:2)
  3 dream sheep (D:10)
  4 blink frogs (Lair:2)
  19 yaks
  2 basilisks (Lair:2)
  3 hungry ghosts
  2 swamp worms (Lair:2)
  A steam dragon (D:8)
  2 wargs (D:11)
  A soldier ant (D:11)
  4 water moccasins
  2 porcupines (Lair:2)
  A hornet zombie (D:10)
  2 eyes of draining
  2 orc warriors
  A sky beast (D:5)
  2 phantoms
  8 ogres
  5 black bears
  4 centaurs
  3 crocodiles
  9 big kobolds
  7 bullfrogs
  A wyvern zombie (D:11)
  4 scorpions
  A water moccasin skeleton (D:10)
  4 wights (D:9)
  3 howler monkeys
  6 crimson imps
  3 jellies
  An orc priest (D:9)
  6 hounds
  9 orc wizards
  Jessica (D:2)
  Terence (D:2)
  Ijyb (D:3)
  4 iguanas
  9 worker ants
  A killer bee zombie (D:6)
  2 hound zombies
  A worker ant zombie (D:10)
  4 gnolls (D:7)
  9 adders
  4 shadow imps
  3 adder zombies (D:6)
  2 adder skeletons
  2 worms (D:3)
  A dart slug (D:2)
  3 leopard geckos
  30 orcs
  A ball python (D:1)
  6 giant cockroaches
  7 hobgoblins
  10 jackals
  15 kobolds
  4 quokkas
  8 bats
  2 frilled lizards
  4 goblins
  2 quokka skeletons
  A quokka zombie (D:5)
  12 rats
  3 plants (D:10)
312 creatures vanquished.

Vanquished Creatures (collateral kills)
  An orc warrior (D:9)
  2 black bears (D:10)
  A big kobold (D:11)
  A gnoll shaman (D:9)
  An orc wizard (D:9)
  5 gnolls (D:9)
  An adder skeleton (D:9)
  2 orcs (D:9)
14 creatures vanquished.

Vanquished Creatures (others)
  A fungus (Lair:1)
  3 plants (Lair:2)
4 creatures vanquished.

Grand Total: 330 creatures vanquished

Notes
Turn   | Place    | Note
-------+----------+-------------------------------------------
     0 | D:1      | ZippyMcGee the Minotaur Berserker began the quest for the
                  | Orb.
     0 | D:1      | Reached XP level 1. HP: 19/19 MP: 0/0
   174 | D:1      | Upgraded the game from 0.23.0 to 0.23.0-2-g0fe3ce5
   174 | D:1      | Upgraded the game from 0.23.0-2-g0fe3ce5 to
                  | 0.23.0-3-gf3c87f2
   241 | D:1      | Reached XP level 2. HP: 26/26 MP: 1/1
   756 | D:2      | Noticed Terence
   765 | D:2      | Killed Terence
   765 | D:2      | Reached skill level 5 in Maces & Flails
   765 | D:2      | Reached XP level 3. HP: 11/31 MP: 2/2
  1047 | D:2      | Found a faded altar of an unknown god.
  1073 | D:2      | Noticed Jessica
  1078 | D:2      | Killed Jessica
  1078 | D:2      | Reached XP level 4. HP: 20/39 MP: 3/3
  1274 | D:2      | Reached ** piety under Trog
  1383 | D:2      | Found an ornate altar of the Wu Jian Council.
  1469 | D:2      | Found a basalt altar of Yredelemnul.
  1656 | D:3      | Noticed Ijyb
  1688 | D:3      | Killed Ijyb
  1927 | D:3      | Noticed an ogre
  1951 | D:3      | Killed an ogre
  1951 | D:3      | Reached XP level 5. HP: 22/45 MP: 4/4
  2891 | D:4      | Reached XP level 6. HP: 50/51 MP: 5/5
  2958 | D:4      | Got a fine ring mail
  2977 | D:4      | Identified the +2 ring mail of Hairiness {rElec rPois
                  | Dex+2} (You found it on level 4 of the Dungeon)
  2993 | D:4      | Found a staircase to the Ecumenical Temple.
  3164 | D:4      | Found a radiant altar of Vehumet.
  3164 | D:4      | Found a shimmering altar of Xom.
  3190 | D:4      | Found a blossoming altar of Fedhas.
  3196 | D:4      | Found a stormy altar of Qazlal.
  3434 | D:4      | Found a hazy altar of Hepliaklqana.
  3435 | D:4      | Found a burning altar of Makhleb.
  3447 | D:5      | Entered Level 5 of the Dungeon
  3449 | D:5      | Found an iron altar of Okawaru.
  3478 | D:5      | Reached *** piety under Trog
  3495 | D:5      | Reached XP level 7. HP: 51/57 MP: 6/6
  3882 | D:5      | Reached skill level 10 in Maces & Flails
  3909 | D:5      | Found a shadowy altar of Dithmenos.
  4108 | D:6      | Found Xanaagey's Distillery.
  4114 | D:6      | Bought a potion of mutation for 88 gold pieces
  4114 | D:6      | Bought a potion of curing for 33 gold pieces
  4138 | D:6      | Reached skill level 5 in Fighting
  4713 | D:6      | Found Exuomo's Gadget Shop.
  4791 | D:6      | Reached XP level 8. HP: 63/71 MP: 7/7
  4969 | D:6      | Found Libynoge's Distillery.
  5020 | D:6      | Bought a potion of haste for 130 gold pieces
  5020 | D:6      | Bought a potion of degeneration for 13 gold pieces
  5020 | D:6      | Bought a potion of heal wounds for 65 gold pieces
  5223 | D:6      | Found Xato Leka's Assorted Antiques.
  5331 | D:6      | Found Kitonwoq's Armour Emporium.
  5832 | D:7      | Got a bloodstained scale mail
  5843 | D:7      | Identified the +6 scale mail of Eternal Night {rF+} (You
                  | found it on level 7 of the Dungeon)
  6112 | D:7      | Reached **** piety under Trog
  6570 | D:8      | Noticed a hippogriff
  6581 | D:8      | Killed a hippogriff
  6581 | D:8      | Reached skill level 10 in Fighting
  6899 | D:8      | Reached XP level 9. HP: 78/89 MP: 8/8
  7336 | D:8      | Noticed Harold
  7378 | D:8      | Killed Harold
  8139 | D:9      | Got a slimy short sword
  8140 | D:9      | Identified the +7 short sword of Courage {pierce, +Fly
                  | Str+5} (You found it on level 9 of the Dungeon)
  8232 | D:9      | Reached skill level 1 in Short Blades
  8506 | D:9      | Reached XP level 10. HP: 61/101 MP: 9/9
  9015 | D:10     | Entered Level 10 of the Dungeon
  9015 | D:10     | Noticed a two-headed ogre
  9022 | D:10     | Killed a two-headed ogre
  9022 | D:10     | Reached skill level 5 in Armour
  9243 | D:10     | Noticed a two-headed ogre
  9251 | D:10     | Killed a two-headed ogre
  9283 | D:10     | Found a staircase to the Lair.
  9318 | D:10     | Found a huge runed translucent gate.
  9318 | D:10     | Found a huge runed translucent gate.
  9318 | D:10     | Found a huge runed translucent gate.
  9319 | D:10     | Found a huge runed translucent gate.
  9340 | D:10     | Received a gift from Trog
  9424 | D:10     | Noticed a two-headed ogre
  9437 | D:10     | Killed a two-headed ogre
  9574 | D:10     | Reached skill level 10 in Armour
  9994 | D:11     | Found a runed translucent gate.
  9994 | D:11     | Found a runed translucent gate.
  9994 | D:11     | Found a runed translucent gate.
  9994 | D:11     | Noticed DocClef's ghost (journeyman GnFi)
 10060 | D:10     | Reached XP level 11. HP: 101/107 MP: 10/10
 10062 | D:10     | Reached skill level 5 in Dodging
 10586 | D:11     | Noticed a red ugly thing
 10600 | D:11     | Killed a red ugly thing
 10604 | D:11     | Reached ***** piety under Trog
 10606 | D:11     | Noticed a two-headed ogre
 10855 | D:10     | Killed an unseen horror
 11443 | D:11     | Found a staircase to the Orcish Mines.
 11579 | D:11     | Noticed a four-headed hydra
 11593 | D:11     | Killed a four-headed hydra
 11593 | D:11     | Reached skill level 10 in Dodging
 11879 | D:11     | Killed a two-headed ogre
 12478 | D:11     | Killed DocClef's ghost
 12478 | D:11     | Reached XP level 12. HP: 43/115 MP: 11/11
 13060 | Lair:1   | Entered Level 1 of the Lair of Beasts
 13434 | Lair:1   | Noticed Erica
 13456 | Lair:1   | Killed Erica
 15024 | D:6      | Bought a +2 plate armour of fire resistance for 440 gold
                  | pieces
 15952 | Lair:1   | HP: 7/172 [tyrant leech (22)]
 15954 | Lair:1   | Mangled by a tyrant leech

Skill      XL: |  1  2  3  4  5  6  7  8  9 10 11 12 |
---------------+-------------------------------------+-----
Maces & Flails | 4 5 6 7 8 9 10 12 | 12.2
Fighting       | 6 11 13 | 13.4
Armour         | 4 10 | 10.1
Short Blades   | 2 4 |  4.1
Dodging        | 4 12 13 | 13.7

Action                   |  1- 3 |  4- 6 |  7- 9 | 10-12 || total
-------------------------+-------+-------+-------+-------++-------
Melee: Mace              |    45 |   143 |   289 |       ||   477
       Headbutt          |    10 |    25 |    67 |   164 ||   266
       Short sword       |       |       |    39 |   614 ||   653
Throw: Javelin           |       |       |       |     8 ||     8
Invok: Berserk           |     1 |     2 |     4 |     5 ||    12
       Trog's Hand       |       |       |     2 |     4 ||     6
       Brothers in Arms  |       |       |     1 |     2 ||     3
 Abil: Evoke Flight      |       |       |       |     1 ||     1
Evoke: Wand              |       |       |     1 |    10 ||    11
  Use: Scroll            |       |       |     1 |    11 ||    12
       Potion            |       |       |       |     3 ||     3
  Eat: Chunk             |     1 |    10 |    16 |    23 ||    50
       Ration            |       |       |     2 |     3 ||     5
Armor: Animal skin       |     5 |       |       |       ||     5
       Scale mail        |     8 |    29 |    87 |   283 ||   407
       Chain mail        |       |    48 |       |       ||    48
       Ring mail         |       |    13 |    51 |       ||    64
       Plate armour      |       |       |       |    50 ||    50
Dodge: Dodged            |    32 |    77 |   141 |   431 ||   681
